 Dungeon Crawl Stone Soup version 0.17.2-1-ge4368a0 (webtiles) character file.

14 ololoev the Chopper (level 2, -1/36 HPs)
             Began as a Demonspawn Berserker on July 26, 2016.
             Was a Follower of Trog.
             Slain by a sky beast (5 damage)
             ... on level 4 of the Dungeon.
             The game lasted 00:00:39 (85 turns).

ololoev the Chopper (Demonspawn Berserker)            Turns: 85, Time: 00:00:40

Health: -1/36      AC:  2    Str: 22    XL:     2   Next: 27%
Magic:  2/2        EV: 12    Int:  8    God:    Trog [*.....]
Gold:   30         SH:  0    Dex: 12    Spells: 0 memorised, 1 level left

rFire  . . .     SeeInvis .     a - +0 hand axe
rCold  . . .     Clarity  .     b - +0 animal skin
rNeg   . . .     SustAt   .     (no shield)
rPois  .         Gourm    .     (helmet restricted)
rElec  .         Spirit   .     (no cloak)
rCorr  .         Warding  .     (no gloves)
rMut   .         Stasis   .     (no boots)
MR     .....                    (no amulet)
Stlth  ..........               (no ring)
                                (no ring)

@: berserking, very quick, not resistant to hostile enchantments, extremely
unstealthy
A: horns 1
a: Berserk, Burn Spellbooks, Renounce Religion


Innate Abilities, Weirdness & Mutations

You have a pair of small horns on your head.

Inventory:

Hand Weapons
 a - a +0 hand axe (weapon)
Armour
 b - a +0 animal skin (worn)
Potions
 d - 2 potions of curing {unknown}
Comestibles
 c - a bread ration


   Skills:
 - Level 3.0 Fighting
 * Level 3.2 Axes
 + Level 2.0 Armour
 - Level 1.7 Dodging


You had one spell level left.
You didn't know any spells.


You were on level 4 of the Dungeon.
You worshipped Trog.
Trog was aware of your devotion.
You were not hungry.

You visited 1 branch of the dungeon, and saw 4 of its levels.

You collected 30 gold pieces.

.# #.# ##.# ...#
#..# #..# . #..#
... ##<.##.....
#S.@.......
.......{.....!.
.............⌠.
........?."###..
.....(...... .
.$.......%.##
#.###......$
#########

Notes
Turn   | Place    | Note
--------------------------------------------------------------
     0 | D:1      | ololoev the Demonspawn Berserker began the quest for the Orb.
     0 | D:1      | Reached XP level 1. HP: 18/18 MP: 1/1
    14 | D:3      | Gained mutation: You have a pair of small horns on your head. [demonic ancestry]
    14 | D:3      | Reached XP level 2. HP: 24/24 MP: 2/2
    81 | D:4      | Noticed a sky beast
    85 | D:4      | Slain by a sky beast

Dungeon Overview and Level Annotations

Branches:
Dungeon (4/15)
 Temple: D:4-7

Altars:


Message History

The hobgoblin hits you but does no damage.
You closely miss the hobgoblin. The hobgoblin hits you.
You barely miss the hobgoblin. The hobgoblin barely misses you.
You barely miss the hobgoblin. You headbutt the hobgoblin.
The hobgoblin is lightly wounded.
The hobgoblin barely misses you. x2
You hit the hobgoblin.
The hobgoblin is heavily wounded.
The hobgoblin misses you.
You hit the hobgoblin.
The hobgoblin is severely wounded.
The hobgoblin barely misses you.
You hit the hobgoblin.
You kill the hobgoblin!
Trog accepts your kill.
There is a stone staircase leading down here.
You climb downwards.
There is a stone staircase leading up here.
The bat is too close now for your liking.
The bat completely misses you.
You miss the bat. Your headbutt misses the bat. The bat misses you.
The bat hits you.
You hit the bat.
You kill the bat!
Trog accepts your kill.
There is a stone staircase leading down here.
You climb downwards.
An adder and a sky beast come into view.
Found six items.
There is a stone staircase leading up here.
Use which ability? (? or * to list)
A red film seems to cover your vision as you go berserk!
You feel yourself moving faster!
You feel mighty!
You feel somewhat more hungry.
You miss the sky beast.
The sky beast flickers out of sight!
Deactivating autopickup; reactivate with Ctrl-A.
Something hits you. Something shocks you.
Unknown command.
You hit something. Something hits you. Something shocks you.
You die...

You could see an adder.

Vanquished Creatures
  An adder (D:3)
  A goblin (D:3)
  A hobgoblin (D:2)
  2 bats (D:3)
5 creatures vanquished.

Action                   || total
-------------------------++-------
Melee: Hand axe          ||    22
Invok: Berserk           ||     2

Vault maps used:
D:1:      shiori_arrival_maze
D:3:      grunt_temple_overflow_open
D:4:      temple_fountains, first_bread, amethyst_killhole,
          vehumet_altar_wand_db, uniq_pikel, uniq_menkaure
